 Dungeon Crawl Stone Soup version 0.27.1-33-g824d729ab1 (webtiles) character file.

Game seed: 2533005823266888924

49 spacecowboy273 the Cudgeller (level 3, -1/31 HPs)
             Began as a Minotaur Berserker on Dec 4, 2021.
             Was a Follower of Trog.
             Succumbed to a kobold's poison
             ... on level 2 of the Dungeon.
             The game lasted 00:02:44 (1265 turns).

spacecowboy273 the Cudgeller (Minotaur Berserker)   Turns: 1265, Time: 00:02:44

Health: -1/31      AC:  3    Str: 21    XL:     3   Next: 53%
Magic:  2/2        EV:  9    Int:  5    God:    Trog [*.....]
Gold:   90         SH:  8    Dex:  9    Spells: 2/2 levels left

rFire    . . .     SeeInvis .   a - +0 mace
rCold    . . .     Faith    .   g - +0 kite shield
rNeg     . . .     Spirit   .   e - +0 leather armour
rPois    .         Reflect  .   (helmet restricted)
rElec    .         Harm     .   (no cloak)
rCorr    .         Rampage  .   (no gloves)
Will     .....                  (no boots)
Stlth    +.........             (no amulet)
HPRegen  0.10/turn              (no ring)
MPRegen  0.08/turn              (no ring)

@: lethally poisoned (-1 -> -21)
A: horns 2, retaliatory headbutt
a: Renounce Religion, Berserk


You were on level 2 of the Dungeon.
You worshipped Trog.
Trog was aware of your devotion.
You visited 1 branch of the dungeon, and saw 2 of its levels.

You collected 90 gold pieces.

Inventory:

Hand Weapons
 a - a +0 mace (weapon)
Armour
 b - a +0 animal skin
 e - a +0 leather armour (worn)
 g - a +0 kite shield (worn)
Scrolls
 d - a scroll of holy word {unknown}
 f - a scroll of enchant armour {unknown}
 i - a scroll of blinking {unknown}
Potions
 c - a potion of heal wounds {unknown}
 h - a potion of haste {unknown}


   Skills:
 - Level 3.6 Fighting
 - Level 5.2 Maces & Flails
 - Level 2.4 Armour
 - Level 2.1 Dodging
 + Level 1.6 Shields


You had 2 spell levels left.
You didn't know any spells.
Your spell library was empty.

Dungeon Overview and Level Annotations

Branches:
Dungeon (2/15)

Altars:

Shops:
D:1 !   D:2 !


Innate Abilities, Weirdness & Mutations

You have a pair of horns on your head.
You reflexively headbutt those who attack you in melee.


Message History

Found a mace.
A bat and a rat come into view.
You closely miss the ball python. You block the ball python's attack.
The ball python constricts you. The ball python bites you.
The ball python constricts you.
Your shield prevents you from hitting the ball python.
The bat closely misses you.
The ball python bites you but does no damage.
The ball python constricts you. You block the kobold's attack.
You hit the ball python.
You kill the ball python!
Trog accepts your kill. The bat closely misses you.
The kobold hits you with a +0 whip of venom.
You are poisoned.
You block the rat's attack. You block the kobold's attack.
The rat closely misses you. You furiously retaliate!
You headbutt the rat, but do no damage. You hit the rat.
You kill the rat!
Trog accepts your kill.
You feel very sick. The bat closely misses you. The bat barely misses you.
You block the kobold's attack. The hobgoblin hits you.
Your shield prevents you from hitting the hobgoblin.
You headbutt the hobgoblin.
You kill the hobgoblin!
Trog accepts your kill.
You feel very sick. The bat hits you.
The kobold hits you with a +0 whip of venom.
You are lethally poisoned!
You block the bat's attack.
The kobold hits you with a +0 whip of venom.
* * * LOW HITPOINT WARNING * * *
You are more poisoned.
* * * LOW HITPOINT WARNING * * *
You feel very sick. The bat hits you but does no damage.
You die...

#...# #. #.# ####
#...# #. #...#
#...# .....##...#
......#...#
.)....b†..+ #K..#
. #...# # #@..#
#.### #.# #.# #.#
#.########## #####
#..........###...#
########....##...#
#.............#


You could see a bat and a kobold.

Vanquished Creatures
  An adder (D:2)
  2 dart slugs (D:1)
  3 ball pythons
  5 endoplasms (D:1)
  2 giant cockroaches
  2 goblins (D:1)
  3 hobgoblins
  A quokka (D:1)
  4 bats
  A frilled lizard (D:1)
  5 kobolds
  5 rats
34 creatures vanquished.

Vanquished Creatures (others)
  4 toadstools (D:1)
4 creatures vanquished.

Grand Total: 38 creatures vanquished

Notes
Turn   | Place    | Note
-------+----------+-------------------------------------------
     0 | D:1      | spacecowboy273 the Minotaur Berserker began the quest for
                  | the Orb.
     0 | D:1      | Reached XP level 1. HP: 19/19 MP: 0/0
   179 | D:1      | Reached skill level 4 in Maces & Flails
   333 | D:1      | Reached XP level 2. HP: 20/26 MP: 1/1
   616 | D:1      | Found Eggenazu's Distillery.
   863 | D:1      | Reached skill level 5 in Maces & Flails
   906 | D:1      | Reached XP level 3. HP: 30/31 MP: 2/2
  1151 | D:2      | Reached skill level 1 in Shields
  1168 | D:2      | Found Xohaarona's Distillery.
  1265 | D:2      | Succumbed to a kobold's poison

Illustrated notes

Levels and vault maps discovered:
D:1:      minmay_arrival_split_and_join, layout_basic, serial_shops,
          nicolae_square_shop, minmay_gold_behind_fungi
D:2:      kennysheep_six_static_rooms, layout_basic, serial_shops,
          nicolae_shop_waterfront, dilly_ecumenical_altar_fadedgnrine

Skill      XL: |  1  2  3 |
---------------+----------+-----
Maces & Flails | 4 5 |  5.2
Shields        | 1 |  1.6
Fighting       | |  3.6
Armour         | |  2.4
Dodging        | |  2.1

Action                   || total
-------------------------++-------
Melee: Mace              ||    61
       Headbutt          ||     5
Armor: Animal skin       ||     6
       Leather armour    ||     6
Dodge: Dodged            ||    46
Block: Kite shield       ||    11
